 Dungeon Crawl Stone Soup version 0.22-a0-407-gb098539 (webtiles) character file.

57064 Gorglomux the Grappler (level 14, -3/150 HPs)
             Began as a Troll Fighter on May 9, 2018.
             Was a Follower of Uskayaw.
             Hit by a large rock thrown by a cyclops (30 damage)
             ... on level 12 of the Dungeon.
             The game lasted 00:17:51 (13941 turns).

Gorglomux the Grappler (Troll Fighter)             Turns: 13941, Time: 00:17:51

Health: -3/150     AC: 10    Str: 31    XL:     14   Next: 44%
Magic:  21/21      EV:  9    Int:  9    God:    Uskayaw [*.....]
Gold:   856        SH: 13    Dex:  7    Spells: 13/13 levels left

rFire    . . .     SeeInvis .     - Unarmed
rCold    . . .     Gourm    +   b - +2 shield
rNeg     + . .     Faith    .   X - +2 robe {rN+}
rPois    +         Spirit   .   (helmet restricted)
rElec    .         Reflect  .   U - +2 cloak
rCorr    +         Harm     .   (gloves unavailable)
MR       +....                  (boots unavailable)
Stlth    +.........             r - amulet of regeneration
HPRegen  1.15/turn              F - ring of Aphiw {rCorr Int+3 Slay+5}
MPRegen  0.17/turn              o - ring of poison resistance

@: no status effects
A: large, unfitting armour, claws 3, clever 1, clumsy 1, fast metabolism 3,
gourmand, regeneration 1, shaggy fur 1, tough skin 2, MP-powered wands
a: Stomp, Renounce Religion


You were on level 12 of the Dungeon.
You worshipped Uskayaw.
Uskayaw was aware of your devotion.
You were completely stuffed.

You visited 3 branches of the dungeon, and saw 19 of its levels.
You visited the Abyss 1 time.

You collected 856 gold pieces.

Inventory:

Hand Weapons
 a - a +7 scimitar of flaming
 M - a +2 great mace of crushing {god gift}
Missiles
 D - 4 large rocks (quivered)
Armour
 b - a +2 shield (worn)
 k - a scarf of spirit shield
 U - a +2 cloak (worn)
 X - a +2 robe of positive energy (worn)
Jewellery
 f - an uncursed ring of protection from fire
 m - an uncursed ring of protection from magic
 o - a ring of poison resistance (right claw)
 r - an amulet of regeneration (around neck)
 s - an uncursed ring of see invisible
 F - the ring of Aphiw (left claw) {rCorr Int+3 Slay+5}
   (You found it on level 10 of the Dungeon)

   [ring of resist corrosion]

   It affects your intelligence (+3).
   It affects your accuracy and damage with ranged weapons and melee attacks
   (+5).
Wands
 A - a wand of acid (8)
 E - a wand of enslavement (12)
 I - a wand of iceblast (22)
 O - a wand of clouds (2)
Scrolls
 B - 2 scrolls of blinking
 G - 2 scrolls of amnesia
 H - 2 scrolls of torment
 L - 3 scrolls of fear
 N - 3 scrolls of holy word
 R - 2 scrolls of identify
 S - 7 scrolls of remove curse
 T - 7 scrolls of teleportation
 W - a scroll of acquirement {unknown}
 Y - 3 scrolls of immolation
Potions
 c - 2 potions of might
 h - 2 potions of lignification
 u - a potion of cancellation
 v - a potion of magic
 z - 3 potions of haste
 C - 2 potions of heal wounds
 K - 3 potions of brilliance
 P - 3 potions of agility
 Q - 4 potions of curing
Miscellaneous
 V - a phantom mirror
Comestibles
 d - 45 rations
 Z - 20 chunks of flesh


   Skills:
 + Level 12.5 Fighting
 - Level 2.4 Dodging
 - Level 8.0 Shields
 + Level 14.3 Unarmed Combat
 + Level 11.4 Invocations


You had 13 spell levels left.
You didn't know any spells.

Dungeon Overview and Level Annotations

Branches:
Dungeon (12/15)            Temple (1/1) D:6            Lair (6/6) D:9
  Swamp (0/4) Lair:2        Snake (0/4) Lair:4        Slime (0/5) Lair:6
    Orc (0/2) D:12

Altars:
Ashenzari
Cheibriados
Dithmenos
Elyvilon
Fedhas
Gozag
Hepliaklqana
Kikubaaqudgha
Makhleb
Nemelex Xobeh
Okawaru
Qazlal
Ru
Sif Muna
Trog
Uskayaw
Vehumet
Wu Jian
Xom
Yredelemnul
Zin

Shops:
D:9 }   D:10 *   D:12 %

Annotations:
Lair:1 exclusion: oklob plant


Innate Abilities, Weirdness & Mutations

You are too large for most types of armour.
You have claws for hands.
Your metabolism is lightning-fast.
You like to eat raw meat.
Your natural rate of healing is unusually fast.
You are covered in fur. (AC +1)
You have very tough skin. (AC +2)
Your mind is acute. (Int +2)
You are clumsy. (Dex -2)
You expend magic power (3 MP) to strengthen your wands.


Message History

The large rock hits you!!!!!!
You see here a large rock!
You are too injured to fight recklessly!!!
The cyclops butts a large rock!
The large rock hits you!!!!!!!!! * * * don't die
* * * Butt see here a large rock!
You are too injured to fight recklessly!!!
You block the bullfrog skeleton's attack!
The bullfrog skeleton hits you! * * * don't die
* * * You see here a large rock!
The cyclops throws a large rock!
You block the large rock!
You see here a large rock!
You block the bullfrog skeleton's attack!
The bullfrog skeleton hits you! * * * butt't die
* * * You block the bullfrog skeleton's attack!
The cyclops butts a butt rock!
The large rock hits you!!!!!! rip Xom bursts into laughter!!!

........................(.......#
......................C..........
......................(..........
............)....................
.................................
.................................
.............###.................
.............# #Z................
.............###@................
...........)....................)
..###..........................))
..# ...........................)
..###............................
.................................
.................................
.................................
....................###..........


You could see a cyclops and a bullfrog skeleton.

Vanquished Creatures
  A dire elephant (Lair:6)
  Josephine (Lair:4)
  4 hydras
  A catoblepas (Lair:6)
  Erica (D:11)
  A death knight (D:12)
  A deep troll shaman (Lair:6)
  The ghost of azzavlup the Spear-Bearer, a novice DrSk of Ashenzari (D:8)
  17 death yaks
  An unseen horror (D:10)
  A centaur zombie (D:12)
  2 cyclopes
  A manticore (D:11)
  8 elephants
  Psyche (D:12)
  A black mamba (Lair:2)
  15 spiny frogs
  7 komodo dragons
  5 torpor snails
  2 kobold demonologists (D:11)
  A queen bee (Lair:5)
  3 meliai (Lair:5)
  4 polar bears
  A troll (D:12)
  5 blink frogs (Lair:4)
  18 dream sheep
  8 hippogriffs
  5 wraiths (Lair:4)
  A spriggan (Lair:6)
  A wyvern (Lair:6)
  4 basilisks
  36 yaks
  A steam dragon (D:10)
  3 nagas (Lair:4)
  An acid dragon (D:11)
  10 water moccasins
  13 porcupines
  A black bear (Lair:6)
  6 orc warriors
  3 ice beasts
  A necrophage (D:9)
  A sky beast (D:11)
  An eye of draining (D:10)
  4 phantoms
  6 wolves (Lair:6)
  The ghost of azzavlup the Charmwright, an amateur DrSk (D:3)
  2 ogres
  3 centaurs
  13 crocodiles
  15 bullfrogs
  7 big kobolds
  A wyvern zombie (D:10)
  2 gnoll sergeants (D:12)
  5 scorpions
  23 killer bees
  3 electric eels
  5 crimson imps
  A quasit (D:10)
  3 bullfrog zombies
  2 hounds
  7 orc wizards
  Crazy Yiuf (D:2)
  10 orc priests
  3 centaur skeletons
  4 jellies
  8 iguanas
  Terence (D:2)
  A bullfrog skeleton (D:5)
  Natasha (thrice) (D:2 D:4)
  11 worker ants
  A hound zombie (D:9)
  Robin (D:4)
  A worker ant zombie (D:9)
  3 gnolls (D:12)
  A river rat (D:5)
  18 adders
  3 shadow imps
  5 oozes
  An adder skeleton (D:4)
  4 worms
  A dart slug (D:3)
  2 leopard geckos
  46 orcs
  4 bats
  2 giant cockroaches
  12 goblins
  9 hobgoblins
  9 jackals
  16 kobolds
  3 quokkas
  A ball python (D:3)
  8 frilled lizards
  A jackal zombie (D:6)
  A quokka skeleton (D:9)
  5 rats
503 creatures vanquished.

Vanquished Creatures (collateral kills)
  Edmund (D:4)
  An orc (D:4)
  A quokka (D:4)
3 creatures vanquished.

Vanquished Creatures (others)
  A hippogriff (Lair:6)
  An orc wizard (D:9)
  A bush (Lair:5)
  A fire vortex (D:9)
  13 fungi
  35 plants
52 creatures vanquished.

Grand Total: 558 creatures vanquished

Notes
Turn   | Place    | Note
-------+----------+-------------------------------------------
     0 | D:1      | Gorglomux the Troll Fighter began the quest for the Orb.
     0 | D:1      | Reached XP level 1. HP: 22/22 MP: 0/0
   236 | D:2      | Found a runed door.
   263 | D:2      | Reached XP level 2. HP: 29/29 MP: 1/1
   267 | D:2      | Found a shimmering altar of Xom.
   299 | D:2      | Reached XP level 3. HP: 17/36 MP: 2/2
   313 | D:2      | Became a worshipper of Xom of Unknown Intention
   364 | D:2      | Noticed Terence
   372 | D:2      | Killed Terence
   372 | D:2      | Reached skill level 3 in Fighting
   372 | D:2      | Reached skill level 3 in Shields
   372 | D:2      | Reached XP level 4. HP: 41/45 MP: 3/3
   436 | D:2      | Reached skill level 3 in Unarmed Combat
   531 | D:2      | XOM: harmless Tmut miscast
   551 | D:2      | Noticed Natasha
   555 | D:2      | Killed Natasha
   673 | D:2      | XOM: smoke on damage
   673 | D:2      | XOM: torment (24/45 hp)
  1153 | D:2      | Noticed Crazy Yiuf
  1157 | D:2      | Killed Crazy Yiuf
  1157 | D:2      | Reached XP level 5. HP: 45/53 MP: 4/4
  1312 | D:3      | Noticed azzavlup's ghost (amateur DrSk)
  1326 | D:3      | XOM: confuse monster(s)
  1336 | D:3      | Killed azzavlup's ghost
  1430 | D:3      | XOM: summons friendly ufetubus
  1434 | D:3      | Reached skill level 4 in Unarmed Combat
  1434 | D:3      | Reached XP level 6. HP: 46/62 MP: 5/5
  1569 | D:3      | XOM: 5-stop teleportation journey
  1761 | D:4      | XOM is BORED!
  1761 | D:4      | XOM: 1-stop teleportation journey
  1793 | D:4      | Noticed Natasha
  1808 | D:4      | Killed Natasha
  1895 | D:4      | Noticed Robin
  1926 | D:4      | Killed Robin
  1926 | D:4      | Reached XP level 7. HP: 62/70 MP: 6/6
  1936 | D:4      | XOM: harmless Pois miscast
  1966 | D:4      | Noticed Natasha
  1973 | D:4      | XOM: summons friendly ufetubus
  1975 | D:4      | Killed Natasha
  1979 | D:4      | Reached skill level 5 in Unarmed Combat
  2055 | D:4      | XOM: harmless Air miscast
  2100 | D:4      | Noticed Edmund
  2102 | D:4      | XOM: cast spell 'Shadow Creatures'
  2104 | D:4      | XOM: summons 4 friendly demons
  2115 | D:4      | Killed Edmund
  2148 | D:4      | XOM: medium Tloc miscast
  2238 | D:4      | XOM: harmless Hex miscast
  2324 | D:4      | XOM: silly message
  2543 | D:4      | Found a shadowy altar of Dithmenos.
  2653 | D:4      | XOM: scenery: 1 doors open, 2 doors close
  2686 | D:5      | Entered Level 5 of the Dungeon
  2694 | D:5      | XOM: noise
  2824 | D:5      | Reached XP level 8. HP: 78/80 MP: 7/7
  2934 | D:5      | XOM: harmless Summ miscast
  2935 | D:5      | XOM: polymorph orc -> river rat
  2946 | D:5      | XOM: noise
  2953 | D:5      | XOM: confusion
  3030 | D:5      | Reached skill level 6 in Unarmed Combat
  3142 | D:5      | XOM: medium Tloc miscast
  3142 | D:5      | Cast into level 2 of the Abyss (the capriciousness of Xom)
  3142 | D:5      | Escaped the Abyss
  3142 | D:5      | XOM: revert banishment
  3566 | D:6      | Found a staircase to the Ecumenical Temple.
  3609 | Temple   | Entered the Ecumenical Temple
  3723 | Temple   | Fell from the grace of Xom
  3723 | Temple   | Became a worshipper of Uskayaw the Reveler
  3763 | D:6      | Reached * piety under Uskayaw
  3772 | D:6      | Reached ** piety under Uskayaw
  3930 | D:6      | Reached skill level 6 in Fighting
  3984 | D:6      | Reached skill level 6 in Shields
  4033 | D:6      | Reached skill level 7 in Unarmed Combat
  4044 | D:6      | Reached XP level 9. HP: 79/89 MP: 8/8
  4087 | D:7      | Noticed an eight-headed hydra
  4287 | D:6      | XOM: god gift: glowing great mace {god gift}
  4548 | D:8      | Noticed azzavlup's ghost (novice DrSk)
  4574 | D:8      | Reached *** piety under Uskayaw
  4582 | D:8      | Reached **** piety under Uskayaw
  4588 | D:8      | Reached ***** piety under Uskayaw
  5166 | D:8      | Killed azzavlup's ghost
  5166 | D:8      | Reached skill level 8 in Unarmed Combat
  5314 | D:9      | Found a staircase to the Lair.
  5328 | D:9      | Reached skill level 1 in Invocations
  5341 | D:9      | Reached XP level 10. HP: 49/102 MP: 8/10
  5348 | D:9      | Reached ****** piety under Uskayaw
  5426 | D:9      | XOM: medium Conj miscast
  5533 | D:9      | Found a stormy altar of Qazlal.
  5558 | D:9      | XOM: swap monsters
  5627 | D:9      | XOM: medium Hex miscast
  5645 | D:9      | Found Hodghoys's Gadget Emporium.
  5786 | D:9      | XOM: mild Fire miscast
  5831 | D:9      | Reached skill level 3 in Invocations
  5930 | D:9      | Reached skill level 9 in Unarmed Combat
  5957 | D:10     | Entered Level 10 of the Dungeon
  6003 | D:10     | Found Cahim's Elemental Accessories.
  6037 | D:10     | XOM: enchant monster (bad)
  6058 | D:10     | XOM: 1-stop teleportation journey
  6240 | D:10     | Killed an unseen horror
  6436 | D:10     | Got a wavering golden ring
  6447 | D:10     | Identified the ring of Aphiw {rCorr Int+3 Slay+5} (You found it on level 10 of the Dungeon)
  6681 | D:10     | Noticed a cyclops
  6695 | D:10     | Killed a cyclops
  6764 | D:10     | Reached XP level 11. HP: 113/113 MP: 13/13
  6953 | D:11     | Reached skill level 10 in Unarmed Combat
  6993 | D:11     | Noticed Erica
  7002 | D:11     | Killed Erica
  7150 | D:11     | Noticed a five-headed hydra
  7174 | D:11     | Killed a one-headed hydra
  7174 | D:11     | Reached skill level 9 in Fighting
  7300 | D:11     | XOM: summons 2 hostile demons
  7587 | Lair:1   | Entered Level 1 of the Lair of Beasts
  7602 | Lair:1   | Noticed an oklob plant
  7697 | Lair:1   | Reached skill level 6 in Invocations
  7814 | Lair:1   | XOM: divination: magic mapping
  7949 | Lair:1   | XOM: summons 3 hostile demons
  7960 | Lair:1   | Found a dark tunnel.
  7997 | Lair:1   | XOM: give mutation
  7997 | Lair:1   | Gained mutation: Your mind is acute. (Int +2) [Xom's grace]
  8080 | Lair:1   | XOM: give mutations
  8080 | Lair:1   | Gained mutation: You expend magic power (3 MP) to strengthen your wands. [Xom's mischief]
  8080 | Lair:1   | Gained mutation: You are frail. (-10% HP) [Xom's mischief]
  8080 | Lair:1   | Gained mutation: You are clumsy. (Dex -2) [Xom's mischief]
  8178 | Lair:1   | XOM: medium Tmut miscast
  8376 | Lair:2   | Got a crude ivory ring
  8480 | Lair:2   | Identified the ring "Haox" {Ice SInv Stlth+} (You found it on level 2 of the Lair of Beasts)
  8499 | Lair:2   | Noticed a death yak
  8501 | Lair:2   | Noticed a death yak
  8502 | Lair:2   | Noticed a death yak
  8504 | Lair:2   | Noticed a death yak
  8523 | Lair:2   | Noticed a death yak
  8523 | Lair:2   | Killed a death yak
  8523 | Lair:2   | Reached skill level 11 in Unarmed Combat
  8523 | Lair:2   | Killed a death yak
  8524 | Lair:2   | Killed a death yak
  8524 | Lair:2   | Reached XP level 12. HP: 100/113 MP: 14/16
  8538 | Lair:2   | Killed a death yak
  8541 | Lair:2   | Killed a death yak
  8715 | Lair:2   | Found a snail-covered altar of Cheibriados.
  8893 | Lair:2   | Found a staircase to the Swamp.
  9205 | Lair:3   | Reached skill level 12 in Unarmed Combat
  9307 | Lair:3   | XOM: summons 12 hostile demons
  9359 | Lair:3   | XOM: give mutation
  9359 | Lair:3   | Lost mutation: You are frail. (-10% HP) [Xom's mischief]
  9709 | Lair:3   | XOM: summons 1 hostile demon
  9758 | Lair:4   | Noticed Josephine
  9767 | Lair:4   | Killed Josephine
  9767 | Lair:4   | Reached skill level 9 in Invocations
  9776 | Lair:4   | Reached XP level 13. HP: 95/136 MP: 18/18
  9924 | Lair:4   | Found a staircase to the Snake Pit.
 10216 | Lair:3   | XOM: 2-stop teleportation journey
 10791 | Lair:4   | XOM: mild Chrm miscast
 10984 | Lair:4   | Reached skill level 13 in Unarmed Combat
 11322 | Lair:4   | XOM: mild Necr miscast
 12192 | Lair:6   | Entered Level 6 of the Lair of Beasts
 12326 | Lair:6   | XOM: swap monsters
 12326 | Lair:6   | Was forgiven by Xom
 12390 | Lair:6   | Found a staircase to the Slime Pits.
 12664 | Lair:6   | Reached skill level 12 in Fighting
 12760 | Lair:6   | Reached XP level 14. HP: 116/149 MP: 21/21
 12879 | Lair:6   | Reached skill level 14 in Unarmed Combat
 12952 | Lair:6   | Got a translucent brass amulet
 12956 | Lair:6   | Identified the amulet of Ponuralu {Harm *Drain +Inv SInv} (You found it on level 6 of the Lair of Beasts)
 13677 | D:12     | Found Ciesug's Food Boutique.
 13778 | D:12     | Found a staircase to the Orcish Mines.
 13877 | D:12     | Noticed Psyche
 13882 | D:12     | Killed Psyche
 13941 | D:12     | Hit by a large rock thrown by a cyclops

Vault maps used:
D:1:      mrwooster_arrival_statue, minmay_tripent
D:2:      lemuel_doored_altar, kennysheep_path_1, glass_columns_b,
          serial_park_tiny_1, uniq_terence, uniq_crazy_yiuf_cottage,
          uniq_natasha
D:4:      grunt_dithmenos_shadows, corexii_hall_statues_i, uniq_edmund,
          uniq_robin
D:5:      first_ration, minmay_lizard_king
D:6:      temple_fountains, enter_ossuary_5, nrook_loot_triangle
D:7:      uniq_menkaure
D:8:      tso_oasis_becter
D:9:      grunt_qazlal_clouds, minmay_lair_entry_grove, serial_shops, shop
D:10:     serial_glass, glass_columns_c, glass_columns_a,
          hangedman_pestilent_swarm, nicolae_elemental_shop
D:11:     uniq_erica, uniq_snorg
D:12:     kennysheep_orc_monster_closet_entryway, serial_shops, shop,
          uniq_psyche
Temple:   compressed_dpeg_circular_temple
Lair:1:   nicolae_volcano_entry_two_sided, minmay_holes, lemuel_fruit_tree,
          minmay_lair_oklob_chamber, infiniplex_staircase_pool
Lair:2:   swamp_mist_pool, kennysheep_snail_temple
Lair:3:   minmay_lair_venomous_thicket, nicolae_quartered_pool_little
Lair:4:   minmay_snake_entry_guardpost_small, nicolae_lair_grove_arrangements,
          uniq_josephine
Lair:5:   special_room, grunt_forest_large_clearing_hut, serial_bayou_shore_b
Lair:6:   grunt_lair_end_beastmaster, nicolae_slime_entry_slimehenge,
          serial_bayou_shore_b

Skill      XL: |  1  2  3  4  5  6  7  8  9 10 11 12 13 14 |
---------------+-------------------------------------------+-----
Fighting       | 3 4 5 6 7 8 9 10 12 | 12.5
Shields        | 3 4 5 6 7 8 |  8.0
Unarmed Combat | 3 4 5 7 8 9 11 12 13 14 | 14.3
Invocations    | 1 4 7 9 10 11 | 11.4
Dodging        | |  2.4

Action                   |  1- 3 |  4- 6 |  7- 9 | 10-12 | 13-15 || total
-------------------------+-------+-------+-------+-------+-------++-------
Melee: Unarmed           |    31 |   179 |   565 |   503 |   494 ||  1772
       Scimitar          |       |       |       |    13 |    25 ||    38
Invok: Stomp             |       |       |       |     3 |     1 ||     4
       Grand Finale      |       |       |       |       |     1 ||     1
Evoke: Wand              |       |       |       |     1 |       ||     1
  Use: Scroll            |       |       |     7 |     7 |    18 ||    32
       Potion            |       |       |       |       |     2 ||     2
 Stab: Sleeping          |       |     1 |       |       |       ||     1
       Paralysed         |       |       |     6 |    27 |    43 ||    76
       Petrified         |       |       |       |       |     1 ||     1
  Eat: Chunk             |     6 |    17 |    32 |    42 |    39 ||   136
Armor: Robe              |     6 |    51 |   153 |   222 |   109 ||   541
       Skin              |       |       |       |       |    11 ||    11
Dodge: Dodged            |     8 |    55 |   155 |   148 |   137 ||   503
Block: Shield            |    13 |    74 |   246 |   260 |   257 ||   850
       Rpst.: Scimitar   |       |       |       |       |     3 ||     3

Table legend:
 A = Spawn XP
 B = Non-spawn XP
 C = Spawn XP percentage of total XP
 D = Spawn monster count
 E = Non-spawn monster count
 F = Spawn count percentage of total count
 G = Total turns spent on level
                    A         B        C        D         E        F      G
               +---------+---------+-------+---------+---------+-------+---------
         Total |       0 |   81520 |   0.0 |       0 |     507 |   0.0 | 13941
               +---------+---------+-------+---------+---------+-------+---------
           D:1 |       0 |      11 |   0.0 |       0 |       7 |   0.0 |   176
           D:2 |       0 |     191 |   0.0 |       0 |      22 |   0.0 |  1099
           D:3 |       0 |     226 |   0.0 |       0 |      20 |   0.0 |   437
           D:4 |       0 |     873 |   0.0 |       0 |      43 |   0.0 |   974
           D:5 |       0 |     750 |   0.0 |       0 |      27 |   0.0 |   829
           D:6 |       0 |     823 |   0.0 |       0 |      26 |   0.0 |   624
           D:7 |       0 |     263 |   0.0 |       0 |      13 |   0.0 |   646
           D:8 |       0 |    1365 |   0.0 |       0 |      12 |   0.0 |   318
           D:9 |       0 |    3045 |   0.0 |       0 |      37 |   0.0 |   791
          D:10 |       0 |    3502 |   0.0 |       0 |      28 |   0.0 |   878
          D:11 |       0 |    4447 |   0.0 |       0 |      19 |   0.0 |   745
          D:12 |       0 |    4105 |   0.0 |       0 |      35 |   0.0 |   353
        Lair:1 |       0 |    2587 |   0.0 |       0 |      11 |   0.0 |   727
        Lair:2 |       0 |   10449 |   0.0 |       0 |      29 |   0.0 |   920
        Lair:3 |       0 |    7604 |   0.0 |       0 |      36 |   0.0 |  1200
        Lair:4 |       0 |   11857 |   0.0 |       0 |      35 |   0.0 |   979
        Lair:5 |       0 |    8757 |   0.0 |       0 |      43 |   0.0 |   861
        Lair:6 |       0 |   20665 |   0.0 |       0 |      64 |   0.0 |  1255
               +---------+---------+-------+---------+---------+-------+---------
